 Dungeon Crawl Stone Soup version 0.31-a0-836-g3ceb0a68c4 (webtiles) character file.

Game seed: 3642820715719591921

305 lunkers the Ruffian (level 7, -3/78 HPs)
             Began as a Meteoran Shapeshifter on Sept 26, 2023.
             Was a Believer of Lugonu.
             Splashed by a jelly's acid (9 damage)
             ... on level 4 of the Dungeon.
             The game lasted 00:04:44 (1764 turns).

lunkers the Ruffian (Meteoran Shapeshifter)         Turns: 1764, Time: 00:04:45

Health: -3/78      AC: 11    Str: 29    XL:     7   Next: 0%
Magic:  8/8        EV:  2    Int: 11    God:    Lugonu [**....]
Gold:   169        SH:  4    Dex: 15    Spells: 6/6 levels left

rFire   . .          .
                       - Unarmed
rCold   . . .        v - +0 buckler
rNeg    . . .        i - melded +0 ring mail
rPois   +            (helmet currently unavailable)
rElec   .            (cloak currently unavailable)
rCorr   .            (gloves currently unavailable)
SInv    .            (boots currently unavailable)
Will    .....        (no amulet)
Stlth   +            f - +6 ring of strength
HPRegen 0.33/turn    t - +6 ring of strength
MPRegen 0.11/turn

%: no passive effects
@: tree-form, corroded, glowing
A: stationary, stasis, torment immunity, boosted hp, sense surroundings 1,
otherworldly, glowing, explore regen
a: Renounce Religion, Depart the Abyss, Banish


You were on level 4 of the Dungeon.
You worshipped Lugonu.
Lugonu was pleased with you.
You were a tree.
You visited 1 branch of the dungeon, and saw 4 of its levels.

You collected 169 gold pieces.

Inventory:

Armour
 i - a +0 ring mail (melded)
 v - a +0 buckler (worn)
Jewellery
 f - a +6 ring of strength (left branch)
 r - a ring of magical power
 t - a +6 ring of strength (right branch)
Talismans
 c - a beast talisman
 d - a flux talisman
Scrolls
 h - 4 scrolls of enchant armour {unknown}
 j - 3 scrolls of identify {unknown}
 m - a scroll of amnesia {unknown}
 p - 3 scrolls of revelation {unknown}
 q - 2 scrolls of fog {unknown}
 u - a scroll of fear {unknown}
Potions
 b - a potion of lignification
 g - 3 potions of mutation {unknown}
 k - 2 potions of curing {unknown}
 l - a potion of experience {unknown}
 n - a potion of brilliance {unknown}
 o - a potion of degeneration {unknown}
 s - a potion of enlightenment {unknown}


   Skills:
 - Level 1.1 Fighting
 - Level 2.1 Dodging
 * Level 7.1 Unarmed Combat
 + Level 5.4 Shapeshifting


You had 6 spell levels left.
You didn't know any spells.
Your spell library contained the following spells:

 Spells                   Type           Power      Damage    Failure   Level
 Freeze                   Ice            0%         1d3       38%         1
 Sublimation of Blood     Necr           0%         N/A       54%         2
 Wereblood                Tmut           0%         N/A       54%         2
 Frozen Ramparts          Ice            0%         1d1       77%         3
 Hailstorm                Conj/Ice       0%         3d3       77%         3
 Anguish                  Hex/Necr       0%         N/A       99%         4
 Cause Fear               Hex            0%         N/A       99%         4
 Enfeeble                 Hex            0%         N/A       100%        7
 Summon Hydra             Summ           0%         N/A       100%        7


Dungeon Overview and Level Annotations

Branches:
Dungeon (4/15) Zot: 655
 Temple: D:4-7

Altars:
Lugonu


Innate Abilities, Weirdness & Mutations

You are a tree.
Your roots penetrate the ground, keeping you stationary.
You cannot be teleported.
You are immune to unholy pain and torment.
Your maximum health is greatly increased.
Your equipment is partially melded.
You passively map a small area around you.
You are easily found by Zot.
You glow in the dark.
You regain HP and MP as you explore.


Message History

Your transformation has ended.
You turn into a tree.
Your +0 ring mail melds into your body.
Your roots penetrate the ground.
You feel sick. You block the kobold's attack.
You hit the kobold but do no damage.
You feel sick.
You barely miss the kobold.
You feel sick. The kobold hits you but does no damage.
You pummel the kobold!!
You kill the kobold!
Lugonu accepts your kill.
You feel sick.
You hit the quokka.
The quokka is almost dead.
The quokka bites you but does no damage.
You barely miss the quokka.
The quokka is severely wounded.
You feel sick. The quokka bites you.
* * * LOW HITPOINT WARNING * * *
You hit the quokka but do no damage.
The quokka is severely wounded.
You feel sick.
You are no longer poisoned.
The quokka bites you but does no damage.
You hit the quokka but do no damage.
The quokka is severely wounded.
You block the quokka's attack.
You closely miss the quokka.
The quokka is severely wounded.
The quokka bites you but does no damage.
You block the quokka's attack.
You smack the quokka!
You kill the quokka!
Lugonu accepts your kill.
You have reached level 7!
You hit the jelly.
Your branches burn!
* * * LOW HITPOINT WARNING * * *
The jelly is heavily wounded.
The jelly hits you.
* * * LOW HITPOINT WARNING * * *
The acid corrodes you!
You are splashed with acid!
You die...

+...⌠..⌠?.⌠...+
*#~...........~#.# .#
#~...........~#.# #.#
#~~....⌠....~~#.####..#
#~~~.......~~~#..##...#
#~~~~.....~~~~#......#
# #~~~~~~.~~~~~~#.....#
##
######J#######.....###.
#♣## #........>. #..#
##.>##...... ##.#
##)#####..... #.###.##
##...# #....## #####
##..## ##..# #..##
##...###


You could see a jelly.

Vanquished Creatures
  An ogre (D:4)
  A scorpion (D:4)
  An iguana (D:4)
  6 adders
  A dart slug (D:1)
  8 orcs
  3 ball pythons
  6 bats
  6 endoplasms
  2 giant cockroaches
  12 goblins
  7 hobgoblins
  5 quokkas
  4 frilled lizards
  4 kobolds
  2 rats (D:2)
69 creatures vanquished.

Notes
Turn   | Place    | Note
-------+----------+-------------------------------------------
     0 | D:1      | lunkers the Meteoran Shapeshifter began the quest for the
                  | Orb.
     0 | D:1      | Reached XP level 1. HP: 16/16 MP: 2/2
    99 | D:1      | Reached skill level 4 in Unarmed Combat
    99 | D:1      | Reached XP level 2. HP: 22/23 MP: 3/3
   295 | D:1      | Reached XP level 3. HP: 28/28 MP: 4/4
   355 | D:1      | You fall into a shaft and drop 1 floor!
   371 | D:2      | Identified the +0 robe of the Crypt {rC- Int+5}
   425 | D:2      | Identified the +6 spear "Paycw" {heavy, rN+ Str+2}
   867 | D:3      | Reached XP level 4. HP: 28/35 MP: 5/5
   886 | D:3      | Reached skill level 5 in Unarmed Combat
   939 | D:3      | Found a faded altar of an unknown god.
   945 | D:3      | Prayed at the altar of an unknown god.
   945 | D:3      | Became a worshipper of Lugonu the Unformed
   945 | D:3      | Reached * piety under Lugonu
  1013 | D:3      | Reached XP level 5. HP: 40/40 MP: 6/6
  1398 | D:4      | Noticed an ogre
  1406 | D:4      | Killed an ogre
  1407 | D:4      | Reached skill level 6 in Unarmed Combat
  1407 | D:4      | Reached skill level 5 in Shapeshifting
  1407 | D:4      | Reached XP level 6. HP: 14/47 MP: 7/7
  1750 | D:4      | Reached ** piety under Lugonu
  1751 | D:4      | Reached skill level 7 in Unarmed Combat
  1764 | D:4      | Reached XP level 7. HP: 10/52 MP: 8/8
  1764 | D:4      | Splashed by a jelly's acid

Illustrated notes

Levels and vault maps discovered:
D:1:      shiori_shiawase, layout_basic, minmay_pentomino_v2
D:2:      layout_basic
D:3:      corexii_shack_village, layout_basic,
          dreamdust_ecumenical_altar_angels_and_demons
D:4:      layout_layer_cave, palyth_stone_intersect, minmay_misc_feat_iff,
          grunt_decor_cap, kennysheep_generic_room_2

Skill      XL: |  1  2  3  4  5  6 |
---------------+-------------------+-----
Unarmed Combat | 4 5 6 7 |  7.1
Shapeshifting  | 4 5 |  5.4
Fighting       | |  1.1
Dodging        | |  2.1

Action                     |  1- 3 |  4- 6 |  7- 9 || total
---------------------------+-------+-------+-------++-------
  Melee: Unarmed           |    71 |   119 |     1 ||   191
         Punch             |     2 |     2 |       ||     4
    Use: Potion            |       |     1 |       ||     1
 Armour: Leather armour    |     4 |       |       ||     4
         Ring mail         |    21 |    58 |       ||    79
         Skin              |       |     5 |     1 ||     6
  Dodge: Dodged            |    45 |    51 |       ||    96
  Block: Buckler           |       |     7 |       ||     7

Table legend: (Time is in decaauts)
 A = Elapsed time spent in this place.
 B = Non-inter-level travel time spent in this place.
 C = Inter-level travel time spent in this place.
 D = Time resting spent in this place.
 E = Time spent auto-exploring this place.
 F = Levels seen in this place.
 G = Mean time per level.
                   A        B        C        D        E       F      G
               +--------+--------+--------+--------+--------+-----+--------+
         Total |   1743 |   1717 |     26 |      0 |   1229 |   4 |  435.8 |
       Dungeon |   1743 |   1717 |     26 |      0 |   1229 |   4 |  435.8 |
               +--------+--------+--------+--------+--------+-----+--------+

Top non-repeatable levels by time:
     D:3: 626 daAuts
     D:2: 396 daAuts
     D:4: 368 daAuts
     D:1: 352 daAuts
